 Dungeon Crawl Stone Soup version 0.31-a0-844-gdc52ec4e09 (webtiles) character file.

Game seed: 5735321921576114276

4 lunkers the Ruffian (level 1, -2/16 HPs)
             Began as a Meteoran Shapeshifter on Sept 28, 2023.
             Slain by a quokka (4 damage)
             ... on level 1 of the Dungeon.
             The game lasted 00:00:09 (48 turns).

lunkers the Ruffian (Meteoran Shapeshifter)           Turns: 48, Time: 00:00:10

Health: -2/16      AC:  2    Str: 15    XL:     1   Next: 85%
Magic:  2/2        EV: 12    Int: 11    God:
Gold:   0          SH:  0    Dex: 13    Spells: 0/0 levels left

rFire   . .          .
                       - Unarmed
rCold   . . .        (no shield)
rNeg    . . .        a - +0 animal skin
rPois   .            (helmet currently unavailable)
rElec   .            (cloak currently unavailable)
rCorr   .            (gloves currently unavailable)
SInv    .            (boots currently unavailable)
Will    .....        (no amulet)
Stlth   +            (no ring)
HPRegen 0.22/turn    (no ring)
MPRegen 0.08/turn

%: no passive effects
@: beast-form, glowing
A: beast (slay +2), sense surroundings 1, otherworldly, glowing, explore regen
a: Begin Untransformation


You were on level 1 of the Dungeon.
You were a hulking beast.
You visited 1 branch of the dungeon, and saw 1 of its levels.

Inventory:

Armour
 a - a +0 animal skin (worn)
Talismans
 c - a beast talisman (active)
 d - a flux talisman
Potions
 b - a potion of lignification


   Skills:
 - Level 1.1 Fighting
 - Level 2.1 Dodging
 * Level 3.9 Unarmed Combat
 + Level 3.7 Shapeshifting


You couldn't memorise any spells.
You didn't know any spells.
Your spell library contained the following spells:

 Spells                   Type           Power      Damage    Failure   Level
 Ensorcelled Hibernation  Hex/Ice        0%         N/A       47%         2
 Passwall                 Tmut/Erth      0%         N/A       47%         2
 Swiftness                Air            0%         N/A       71%         3


Dungeon Overview and Level Annotations

Branches:
Dungeon (1/15) Zot: 552

Altars:


Innate Abilities, Weirdness & Mutations

You are a hulking beast.
Your limbs bulge with bestial killing power. (Slay +2)
You passively map a small area around you.
You are easily found by Zot.
You glow in the dark.
You regain HP and MP as you explore.


Message History

You kill the jackal!
The jackal bites you.
You closely miss the jackal. The jackal bites you.
You hit the jackal.
The jackal is lightly wounded.
The jackal barely misses you.
You hit the jackal but do no damage.
The jackal is lightly wounded.
The jackal closely misses you.
You hit the jackal. You punch the jackal.
You kill the jackal!
You hit the quokka but do no damage. The quokka bites you.
You barely miss the quokka. The quokka misses you. x2
You barely miss the quokka. The quokka bites you.
You hit the quokka.
The quokka is lightly wounded.
The quokka bites you.
* * * LOW HITPOINT WARNING * * *
You closely miss the quokka.
The quokka is lightly wounded.
The quokka barely misses you.
You closely miss the quokka.
The quokka is lightly wounded.
The quokka bites you.
* * * LOW HITPOINT WARNING * * *
You hit the quokka.
The quokka is heavily wounded.
The quokka misses you.
You closely miss the quokka.
The quokka is heavily wounded.
The quokka bites you.
* * * LOW HITPOINT WARNING * * *
The quokka bites you.
* * * LOW HITPOINT WARNING * * *
Unknown command.
Unknown command.
You closely miss the quokka.
The quokka is moderately wounded.
The quokka bites you.
You die...

* .....^.# * * ,
, ..... * *,
....** * #
#.#########
###..##h.........
* >.........#* *,
* *.##..####h# *
# #r# *, * ,, ,
#h# ,* * ,
#.######.# * *
#........# *
#.########
###.####.#
)........#
###.####.# *
..,#.# ###
♣.♣♣.##


You could see a quokka and a jackal.

Vanquished Creatures
  3 jackals (D:1)
3 creatures vanquished.

Notes
Turn   | Place    | Note
-------+----------+-------------------------------------------
     0 | D:1      | lunkers the Meteoran Shapeshifter began the quest for the
                  | Orb.
     0 | D:1      | Reached XP level 1. HP: 16/16 MP: 2/2
    48 | D:1      | Slain by a quokka

Illustrated notes

Levels and vault maps discovered:
D:1:      heliophobic_arrival_enchanted_forest, layout_loops_ring,
          chequers_ecumenical_altar_simple_redux

Action                     || total
---------------------------++-------
  Melee: Unarmed           ||    23
         Punch             ||     1
 Armour: Animal skin       ||    11
  Dodge: Dodged            ||    18

Table legend: (Time is in decaauts)
 A = Elapsed time spent in this place.
 B = Non-inter-level travel time spent in this place.
 C = Inter-level travel time spent in this place.
 D = Time resting spent in this place.
 E = Time spent auto-exploring this place.
 F = Levels seen in this place.
 G = Mean time per level.
                   A        B        C        D        E       F      G
               +--------+--------+--------+--------+--------+-----+--------+
         Total |     46 |     46 |      0 |      0 |     17 |   1 |   46.0 |
       Dungeon |     46 |     46 |      0 |      0 |     17 |   1 |   46.0 |
               +--------+--------+--------+--------+--------+-----+--------+

Top non-repeatable levels by time:
     D:1: 46 daAuts
